 Dungeon Crawl Stone Soup version 0.32-a0-928-g1cae6b7ea0 (webtiles) character file.

Game seed: 9406602470673511675

205 Selgatrox the Conjurer (level 5, 0/25 (28) HPs)
             Began as a Deep Elf Conjurer on Apr 12, 2024.
             Was an Initiate of Vehumet.
             Slain by a wight
             ... wielding a +3 hand axe
              (6 damage)
             ... on level 4 of the Dungeon.
             The game lasted 00:15:43 (3289 turns).

Selgatrox the Conjurer (Deep Elf Conjurer)          Turns: 3289, Time: 00:15:43

HP:   0/25 (28)     AC:  3    Str:  4    XL:     5   Next: 52%
MP:   12/13         EV: 12    Int: 25    God:    Vehumet [......]
Gold: 165           SH:  0    Dex: 13    Spells: 12/13 levels left

rFire   . . .        k - +4 dagger
rCold   . . .        (no shield)
rNeg    . . .        m - +1 robe of Pehiecli {Will+ Regen+ Stlth+}
rPois   .            (no helmet)
rElec   .            (no cloak)
rCorr   .            (no gloves)
SInv    .            (no boots)
Will    +....        (no amulet)
Stlth   ++++         (no ring)
HPRegen 1.04/turn    (no ring)
MPRegen 0.13/turn

%: no passive effects
@: mighty, heavily drained
A: no striking features
a: Renounce Religion


You were on level 4 of the Dungeon.
You worshipped Vehumet.
Vehumet was noncommittal.
You visited 2 branches of the dungeon, and saw 6 of its levels.

You collected 205 gold pieces.
You spent 40 gold pieces at shops.

Inventory:

Hand Weapons
 c - a +1 dagger of venom
 k - a +4 dagger (weapon)
Armour
 a - a +0 robe
 l - the +0 robe of a bazaar {Rampage rCorr}
   (You found it on level 3 of the Dungeon)

   rCorr:     It protects you from acid and corrosion.
   Rampage:   It bestows one free step when moving towards enemies.
 m - the +1 robe of Pehiecli (worn) {Will+ Regen+ Stlth+}
   (You took it off a kobold on level 3 of the Dungeon)

   Will+:     It increases your willpower.
   Regen+:    It increases your rate of health regeneration.
   Stlth+:    It makes you more stealthy.
Wands
 g - a wand of charming (6)
 n - a wand of roots (2)
 t - a wand of flame (1)
Scrolls
 d - 3 scrolls of teleportation
 f - a scroll of silence {unknown}
 o - a scroll of revelation {unknown}
 p - a scroll of poison {unknown}
 r - 3 scrolls of identify
 s - a scroll of fog
Potions
 b - 2 potions of magic
 e - 2 potions of brilliance
 h - a potion of might
 i - 2 potions of curing
 j - a potion of heal wounds {unknown}
 q - 2 potions of degeneration {unknown}


   Skills:
 + Level 4.1 Dodging
 + Level 4.3 Stealth
 + Level 4.6 Spellcasting
 + Level 5.3 Conjurations


You had 12 spell levels left.
You knew the following spells:

 Your Spells              Type           Power      Damage    Failure   Level
a - Magic Dart            Conj           100%       1d8       1%          1

Your spell library contained the following spells:

 Spells                   Type           Power      Damage    Failure   Level
 Searing Ray              Conj           64%        2d6       1%          2
 Dazzling Flash           Conj/Hex       38%        N/A       9%          3
 Fulminant Prism          Conj/Alch      9%         3d7       28%         4
 Iskenderun's Mystic Bla Conj/Tloc 19%            2d6        (+2d2     28%         4
 Starburst                Conj/Fire      9%         6d5       99%         6
 Haunt                    Necr/Summ      2%         N/A       100%        7
 Borgnjor's Revivificati  Necr           2%         N/A       100%        8
 Maxwell's Capacitive Co  Air            2%         ∞         100%        8
 Death's Door             Necr           2%         N/A       100%        9


Dungeon Overview and Level Annotations

Branches:
Dungeon (5/15)             Temple (1/1) D:4

Altars:
Ashenzari
Cheibriados
Dithmenos
Elyvilon
Gozag
Hepliaklqana
Makhleb
Nemelex Xobeh
Okawaru
Ru
Trog
Uskayaw
Vehumet
Wu Jian
Xom
Yredelemnul
Zin

Shops:
D:1 !


Message History

There is an open door here.
Okay, then.
You open the door.
There is an open door here.
You open the door.
There is an open door here.
Found a robe.
There is an open door here.
You see here a +0 robe.
Done exploring.
Done exploring.
There is an open door here.
There is a stone staircase leading down here.
You climb downwards.
Found a scroll labelled ZUCHYL CUURYKENO.
There is a stone staircase leading up here.
The helpless wight fails to defend itself.
You puncture the wight!
The wight is moderately damaged.
The wight closely misses you.
You closely miss the wight.
The wight is moderately damaged.
The wight hits you with a +3 hand axe!
You feel drained.
There is a stone staircase leading up here.
The wight closely misses you.
You climb upwards.
There is a stone staircase leading down here.
Casting: Magic Dart (safe; 1% risk of failure)
Confirm with . or Enter, or press ? or * to list all spells.
Aiming: Magic Dart (safe; 1% risk of failure)
Press: ? - help, Shift-Dir - straight line, f - wight
Aim: a wight, wielding a +4 falchion and wearing a +0 robe (100% to hit)
The magic dart hits the wight but does no damage.
The wight hits you with a +3 hand axe! The wight hits you with a +4 falchion.
* * * LOW HITPOINT WARNING * * *
You feel drained.
* * * LOW HITPOINT WARNING * * *
You feel very mighty all of a sudden. The wight hits you with a +3 hand axe.
You die...

#.#.#.#.#.#.#...#................
.#.#.#.#.#.#.....................
#.#.#.#.#.#................##'#'#
.#.#.#.#.#........###......##.#.#
..#.#.#.#.........# #......##.#.#
)..#.#.#....#...#.###......##.#.#
....#.#.....###.........#####.#.#
.....#....#.# ##z####...# #.#.#
............# #@z......#####.#.#
..#.........# ##########...[.#.#
..#..#.####.# #.#####.# .....#.#
#.# #.# #.# .##.##.# #.# #.# #.#
.....#.# #.# #.# #.# ######.# #.#
#.# #.# ######.# #.# #.# #.#
.......# #.# #.# #.#


You could see 2 wights.

Vanquished Creatures
  A crimson imp (D:4)
  A hound (D:4)
  4 adders
  A gnoll (D:1)
  3 dart slugs
  4 ribbon worms (D:2)
  6 ball pythons
  10 endoplasms
  5 giant cockroaches
  9 goblins
  7 hobgoblins
  4 jackals (D:1)
  4 bats
  2 frilled lizards (D:2)
  10 kobolds
  4 rats
75 creatures vanquished.

Notes
Turn   | Place    | Note
-------+----------+-------------------------------------------
     0 | D:1      | Selgatrox the Deep Elf Conjurer began the quest for the
                  | Orb.
     0 | D:1      | Reached XP level 1. HP: 10/10 MP: 6/6
   330 | D:1      | Reached XP level 2. HP: 15/15 MP: 5/8
   606 | D:1      | Reached XP level 3. HP: 19/19 MP: 6/10
   696 | D:1      | Found Xurujuw's Distillery.
   701 | D:1      | Bought a potion of brilliance for 40 gold pieces
   782 | D:1      | Found a faded altar of an unknown god.
  1351 | D:2      | Reached XP level 4. HP: 24/24 MP: 11/11
  1549 | D:2      | Reached skill level 5 in Conjurations
  1914 | D:3      | Identified the +1 robe of Pehiecli {Will+ Regen+ Stlth+}
  1920 | D:3      | Found a shadowy altar of Dithmenos.
  1924 | D:3      | Identified the +0 robe of a bazaar {Rampage rCorr}
  2517 | D:4      | Found a staircase to the Ecumenical Temple.
  2526 | Temple   | Entered the Ecumenical Temple
  2695 | D:4      | Reached XP level 5. HP: 25/28 MP: 11/13
  2704 | D:4      | Found a white marble altar of Elyvilon.
  2704 | D:4      | Found a shimmering altar of Xom.
  2705 | D:4      | Found an opulent altar of Gozag.
  3077 | D:4      | Found a burning altar of Makhleb.
  3077 | D:4      | Found a radiant altar of Vehumet.
  3110 | D:4      | Became a worshipper of Vehumet
  3281 | D:5      | Entered Level 5 of the Dungeon
  3289 | D:4      | Slain by a wight

Illustrated notes

Levels and vault maps discovered:
D:1:      ncdulo_wetmaze, layout_basic, serial_shops, shop,
          dreamdust_ecumenical_altar_statues, minivault_25
D:2:      layout_basic, chequers_mini_garden, minmay_tetromino_o4
D:3:      layout_loops_cross, nicolae_dithmenos_through_a_glass_darkly
D:4:      layout_basic, grunt_temple_overflow_lords_of_destruction,
          gammafunk_temple_overflow_claw, minmay_temple_entry_crystal_x,
          nicolae_the_louvre
D:5:      layout_loops_cross, serial_shops, nicolae_shop_peninsula, hex_medium,
          uniq_menkaure, uniq_prince_ribbit1, uniq_ijyb
Temple:   nicolae_temple_bog_church

Skill      XL: |  1  2  3  4  5 |
---------------+----------------+-----
Dodging        | 3 4 |  4.1
Stealth        | 3 4 |  4.3
Spellcasting   | 4 |  4.6
Conjurations   | 5 |  5.3

Action                     |  1- 3 |  4- 6 || total
---------------------------+-------+-------++-------
  Melee: Unarmed           |     4 |       ||     4
         Dagger            |    13 |    48 ||    61
   Cast: Magic Dart        |    75 |    48 ||   123
    Use: Scroll            |     3 |     1 ||     4
         Potion            |       |     1 ||     1
   Stab: Sleeping          |     1 |     3 ||     4
 Armour: Robe              |    12 |    32 ||    44
  Dodge: Dodged            |    18 |    36 ||    54

Table legend: (Time is in decaauts)
 A = Elapsed time spent in this place.
 B = Non-inter-level travel time spent in this place.
 C = Inter-level travel time spent in this place.
 D = Time resting spent in this place.
 E = Time spent auto-exploring this place.
 F = Levels seen in this place.
 G = Mean time per level.
                   A        B        C        D        E       F      G
               +--------+--------+--------+--------+--------+-----+--------+
         Total |   3298 |   3253 |     45 |    104 |   1941 |   6 |  549.7 |
       Dungeon |   3186 |   3141 |     45 |    104 |   1941 |   5 |  637.2 |
        Temple |    112 |    112 |      0 |      0 |      0 |   1 |  112.0 |
               +--------+--------+--------+--------+--------+-----+--------+

Top non-repeatable levels by time:
     D:2: 1033 daAuts
     D:1: 873 daAuts
     D:4: 661 daAuts
     D:3: 611 daAuts
  Temple: 112 daAuts
     D:5: 5 daAuts
